[Event "Titled Tuesday Blitz January 31 Late 2023"]
[White "Ivic, Velimir"]
[Black "Kleiman, Jake"]
[WhiteFideId "950122"]
[BlackFideId "2020041"]
[WhiteElo "2595"]
[BlackElo "2399"]
[Result "1-0"]
[Round "01"]
[TimeControl "180+2"]
[Date "2023.01.31"]
[WhiteClock "0:02:07"]
[BlackClock "0:02:37"]

1. e4 e5 2. Nf3 Nc6 3. Bb5 a6 4. Ba4 Nf6 5. O-O b5 6. Bb3 Bc5 7. a4 Rb8 8. d3 h6 9. Nc3 O-O 10. Nd5 d6 11. axb5 axb5 12. h3 Nxd5 13. Bxd5 Ne7 14. Bb3 Ng6 15. c3 Qf6 16. Be3 Bb6 17. Bxb6 Rxb6 18. Kh2 Nf4 19. Ng1 Be6 20. Bxe6 Nxe6 21. Qf3 Qe7 22. Qe3 b4 23. Ra7 bxc3 24. Qxb6 1-0


[Site "https://www.chess.com"]

[Event "Titled Tuesday Blitz January 31 Late 2023"]
[White "Khandelwal, Ankush"]
[Black "Baskakov, Egor"]
[WhiteFideId "413470"]
[BlackFideId "24197866"]
[WhiteElo "2205"]
[BlackElo "2215"]
[Result "0-1"]
[Round "01"]
[TimeControl "180+2"]
[Date "2023.01.31"]
[WhiteClock "0:00:30"]
[BlackClock "0:01:30"]

1. e4 c5 2. Nf3 Nf6 3. e5 Nd5 4. d4 cxd4 5. Nxd4 Nc6 6. Nxc6 bxc6 7. Bc4 Nb6 8. Bb3 g6 9. O-O Bg7 10. f4 O-O 11. Nc3 d6 12. exd6 exd6 13. Ne4 d5 14. Ng3 c5 15. c3 d4 16. cxd4 Bxd4+ 17. Kh1 Ba6 18. Re1 Qh4 19. Be3 Rad8 20. Qf3 c4 21. Bc2 Bxb2 22. Rad1 Rxd1 23. Rxd1 Rd8 24. f5 Rxd1+ 25. Qxd1 Be5 26. fxg6 hxg6 27. Nf1 Bb7 28. Kg1 c3 29. Bf2 Qc4 30. Bb3 Qe4 31. Ne3 Bd4 32. Qe2 Nd5 33. Bc2 Qe5 34. Qb5 Bxe3 35. Qxb7 Bxf2+ 36. Kxf2 Qe3+ 37. Kf1 Qc1+ 38. Kf2 Qxc2+ 39. Kg3 Qd3+ 40. Kg4 Qd4+ 41. Kg5 Qf4# 0-1


[Site "https://www.chess.com"]

[Event "Titled Tuesday Blitz January 31 Late 2023"]
[White "Aydin, Gulenay"]
[Black "Kravtsiv, Martyn"]
[WhiteFideId "34557431"]
[BlackFideId "14113147"]
[WhiteElo "2108"]
[BlackElo "2598"]
[Result "0-1"]
[Round "01"]
[TimeControl "180+2"]
[Date "2023.01.31"]
[WhiteClock "0:00:08"]
[BlackClock "0:00:06"]

1. e4 e5 2. Nf3 Nc6 3. Nc3 Nf6 4. Bb5 Bd6 5. d3 O-O 6. a3 h6 7. g4 a6 8. Bc4 Bc5 9. Rg1 d6 10. h3 b5 11. Bb3 Kh8 12. g5 Nh7 13. gxh6 g6 14. Be3 Nd4 15. Bxd4 Bxd4 16. Nxd4 exd4 17. Ne2 c5 18. Bd5 Ra7 19. Nf4 Qh4 20. Qf3 Qxh6 21. O-O-O Nf6 22. Kb1 Re7 23. h4 Re5 24. Rg5 Rxg5 25. hxg5 Qxg5 26. Rh1+ Kg7 27. a4 bxa4 28. Ka2 Bd7 29. Ne2 Nxd5 30. exd5 Bg4 31. Qg3 Qxd5+ 32. Kb1 Qxh1+ 33. Nc1 Qd5 34. Qxg4 Qe6 35. Qg3 Rb8 36. Qf4 a3 37. b3 a5 38. Ka2 a4 39. Kxa3 axb3 40. Nxb3 c4 41. Qxd4+ Kg8 42. dxc4 Qe5 43. Qa7 Re8 44. Ka2 Qc3 45. Qa4 Qxc2+ 46. Ka3 Rf8 47. Qd7 Qxf2 48. Qxd6 Qa7+ 49. Kb2 Qb8 50. Qd5 Qd8 51. Qe5 Qe8 52. Qd4 Qe6 53. Nc5 Rb8+ 54. Kc2 Qe2+ 55. Kc1 Qe1+ 56. Kc2 Qb1+ 57. Kd2 Qb2+ 58. Qxb2 Rxb2+ 59. Kd3 g5 60. Nd7 Kg7 61. Ne5 f6 62. Nf3 Kf7 63. c5 Ke7 64. Nd4 Rb1 65. Kc4 Kd7 66. Kd5 Rd1 67. c6+ Kc7 68. Kc5 Rxd4 0-1


[Site "https://www.chess.com"]

[Event "Titled Tuesday Blitz January 31 Late 2023"]
[White "Vovk, Orest"]
[Black "Svane, Frederik"]
[WhiteFideId "14113490"]
[BlackFideId "12923044"]
[WhiteElo "2315"]
[BlackElo "2600"]
[Result "0-1"]
[Round "01"]
[TimeControl "180+2"]
[Date "2023.01.31"]
[WhiteClock "0:00:04"]
[BlackClock "0:00:05"]

1. h4 Nf6 2. h5 h6 3. Nc3 d5 4. e4 dxe4 5. Qe2 Nc6 6. Nxe4 Nxe4 7. Qxe4 Qd4 8. Qxd4 Nxd4 9. Bd3 e5 10. Ne2 Nxe2 11. Bxe2 Bf5 12. d3 O-O-O 13. Rh4 Be7 14. Ra4 a6 15. Bg4 Bd7 16. Bxd7+ Rxd7 17. Rg4 Bf6 18. Be3 Re8 19. O-O-O Re6 20. f3 b5 21. Bc5 Rd8 22. Be3 Kb7 23. c3 Red6 24. Kc2 Rd5 25. b4 R5d7 26. Bc1 Kc6 27. Be3 a5 28. a4 Ra8 29. axb5+ Kxb5 30. c4+ Kc6 31. b5+ Kd6 32. d4 Ke7 33. dxe5 Bxe5 34. Re4 Rxd1 35. Kxd1 Kd6 36. c5+ Kd5 37. Ra4 Bc3 38. Kc2 Bb4 39. b6 cxb6 40. cxb6 Kc6 41. Kb3 Kb5 42. Ra1 a4+ 43. Ka2 Rc8 44. Rb1 Ka5 45. Bf4 Rc2+ 46. Rb2 Rxb2+ 47. Kxb2 Kxb6 48. Be5 Bf8 49. Bd4+ Kb5 50. g4 Kc4 51. Be5 Kd3 52. f4 f6 53. Bb8 Ke4 54. g5 fxg5 55. fxg5 hxg5 56. Bc7 g4 57. Bd6 Bxd6 58. h6 gxh6 0-1


[Site "https://www.chess.com"]

[Event "Titled Tuesday Blitz January 31 Late 2023"]
[White "Golubev, Mikhail"]
[Black "Moroni, Luca Jr"]
[WhiteFideId "14100983"]
[BlackFideId "865834"]
[WhiteElo "2461"]
[BlackElo "2535"]
[Result "0-1"]
[Round "01"]
[TimeControl "180+2"]
[Date "2023.01.31"]
[WhiteClock "0:00:06"]
[BlackClock "0:00:27"]

1. e4 d6 2. d4 e5 3. dxe5 dxe5 4. Qxd8+ Kxd8 5. Bc4 f6 6. Ne2 c6 7. O-O Bc5 8. Nd2 Kc7 9. Nb3 Bb6 10. a4 a5 11. Kh1 Ne7 12. f4 Nd7 13. f5 Nc5 14. Nxc5 Bxc5 15. Bd2 Bd7 16. Nc1 Rhd8 17. Nd3 Bb6 18. Bc3 Bd4 19. Bxd4 exd4 20. Nf4 b5 21. Be6 Be8 22. axb5 cxb5 23. c3 dxc3 24. Rfc1 Kb6 25. Rxc3 Rd2 26. Nd5+ Nxd5 27. Bxd5 Rd8 28. b3 b4 29. Rh3 h6 30. Rg3 Rd7 31. h3 Rc7 32. Kh2 Bb5 33. Rg6 Rd3 34. Ra2 Bc6 35. Bxc6 Rxc6 36. Rxg7 Rxb3 37. Rh7 Kb5 38. Rxh6 Re3 39. Rh8 b3 40. Rb8+ Rb6 41. Rxb6+ Kxb6 42. Ra3 Kb5 43. e5 a4 44. exf6 Re8 45. g4 b2 0-1


[Site "https://www.chess.com"]

[Event "Titled Tuesday Blitz January 31 Late 2023"]
[White "Grycel, Kamil"]
[Black "Urazayev, Arystanbek"]
[WhiteFideId "1115499"]
[BlackFideId "13709810"]
[WhiteElo "2315"]
[BlackElo "2460"]
[Result "0-1"]
[Round "01"]
[TimeControl "180+2"]
[Date "2023.01.31"]
[WhiteClock "0:00:09"]
[BlackClock "0:00:59"]

1. d4 d5 2. c4 e6 3. Nc3 c6 4. e3 Nf6 5. Nf3 Nbd7 6. Bd3 dxc4 7. Bxc4 b5 8. Bb3 Bb7 9. O-O Be7 10. Qe2 O-O 11. Rd1 b4 12. Na4 Qa5 13. Bd2 Ba6 14. Qe1 Ne4 15. Rac1 Bb5 16. Nc5 Nxd2 17. Qxd2 Nxc5 18. dxc5 Rfd8 19. Qc2 Bf6 20. Rxd8+ Rxd8 21. Rd1 Rxd1+ 22. Qxd1 Qc7 23. Qd2 a5 24. a4 Ba6 25. h3 g6 26. Bd1 Qe7 27. Qc2 Qd8 28. Be2 b3 29. Qd1 Bxe2 30. Qxe2 Qd5 31. e4 Qxc5 32. e5 Be7 33. Ne1 Qc1 34. Kh2 Kg7 35. Nd3 Qc2 36. Qf3 c5 37. h4 h5 38. g3 c4 39. Nf4 Qxb2 40. Nxh5+ gxh5 41. Qxh5 Qd4 42. Qe2 b2 43. Qc2 c3 44. h5 Qd2 45. h6+ Kxh6 46. Qe4 Qxf2+ 47. Kh3 Qf5+ 0-1


[Site "https://www.chess.com"]

[Event "Titled Tuesday Blitz January 31 Late 2023"]
[White "Kazakouski, Valery"]
[Black "Bambino Filho, Antonio Carlos"]
[WhiteFideId "13507443"]
[BlackFideId "2113163"]
[WhiteElo "2539"]
[BlackElo "2144"]
[Result "1/2-1/2"]
[Round "01"]
[TimeControl "180+2"]
[Date "2023.01.31"]
[WhiteClock "0:00:05"]
[BlackClock "0:00:15"]

1. Nf3 c5 2. c4 Nc6 3. g3 g6 4. Bg2 Bg7 5. d3 e5 6. Nc3 Nge7 7. O-O O-O 8. Ne1 f5 9. Nc2 f4 10. Rb1 d6 11. b4 Rb8 12. bxc5 dxc5 13. Ne4 b6 14. e3 fxe3 15. fxe3 Bf5 16. Na3 Qd7 17. Nc2 Rbd8 18. Rb3 h6 19. Bd2 Bg4 20. Qe1 g5 21. Na3 Nc8 22. Nb1 Rxf1+ 23. Qxf1 Rf8 24. Qe1 Nd6 25. Nxd6 Qxd6 26. Nc3 Na5 27. Ne4 Qd7 28. Bxa5 bxa5 29. Nxc5 Qc7 30. Ne4 Bf3 31. Bxf3 Rxf3 32. Qe2 g4 33. Rb1 a4 34. Rf1 Rxf1+ 35. Qxf1 Qb6 36. Qe2 a3 37. Kf2 Qb2 38. Qxb2 axb2 39. Nc3 e4 40. d4 Bf8 41. Ke2 Bb4 42. Nb1 a5 43. a3 Bd6 44. c5 Bc7 45. d5 Be5 46. Kd2 h5 47. Kc2 h4 48. Nd2 hxg3 49. hxg3 Bxg3 50. Nxe4 Be5 51. d6 Kf7 52. c6 Ke6 53. d7 Ke7 54. Nd2 g3 55. Nf3 Bc7 56. Kxb2 Kd6 57. Kc3 Kxc6 58. Kd3 Kxd7 59. a4 Ke6 60. Ke2 Kf5 61. Nd4+ Ke4 62. Nb3 Bb6 63. Kf1 Kd3 64. Kg2 Kxe3 65. Nxa5 Bxa5 66. Kxg3 Kd3 67. Kg4 Kc4 68. Kf5 Kb4 69. Ke4 Kxa4 1/2-1/2


[Site "https://www.chess.com"]

[Event "Titled Tuesday Blitz January 31 Late 2023"]
[White "Przybylski, Wojciech"]
[Black "Grigoriants, Sergey"]
[WhiteFideId "1117599"]
[BlackFideId "4130804"]
[WhiteElo "2321"]
[BlackElo "2562"]
[Result "0-1"]
[Round "01"]
[TimeControl "180+2"]
[Date "2023.01.31"]
[WhiteClock "0:00:04"]
[BlackClock "0:00:09"]

1. e4 c5 2. Nf3 d6 3. Bc4 Nf6 4. d3 g6 5. a4 Bg7 6. a5 O-O 7. O-O Nc6 8. Bd2 Rb8 9. h3 Nd7 10. Qc1 b5 11. axb6 Nxb6 12. Bb3 Be6 13. Bxe6 fxe6 14. Bh6 Rxf3 15. Bxg7 Kxg7 16. gxf3 Nd4 17. Qd1 Qf8 18. Nd2 Qf4 19. c3 Nc6 20. Qe2 Nd7 21. Qe3 Qh4 22. Kh2 Rxb2 23. Rfb1 Rc2 24. Rc1 Rxc1 25. Rxc1 Nf6 26. Rg1 Nh5 27. Rg4 Qf6 28. d4 cxd4 29. cxd4 Nxd4 30. e5 dxe5 31. Qg5 Nf4 32. Qxf6+ exf6 33. Rg1 Nd3 34. Kg2 Nc2 35. Rb1 a5 36. Rb7+ Kh6 37. Ra7 Nd4 38. Rxa5 Kg5 39. Ra7 h5 40. Rf7 Nf4+ 41. Kg3 Nde2+ 42. Kh2 f5 43. Rf8 Nd4 44. Rf7 Kh4 45. Rg7 g5 46. Rg8 Nxh3 47. Ra8 Nxf2 48. Ra5 Nd3 49. Kg2 g4 50. fxg4 hxg4 51. Nc4 Kg5 52. Nxe5 Nxe5 53. Rxe5 Kf4 54. Ra5 e5 55. Ra4 Ke3 56. Ra3+ Ke4 57. Ra5 f4 58. Ra3 g3 59. Ra4 Kf5 60. Ra5 Nc2 61. Ra8 Ke4 62. Rc8 Ne3+ 63. Kh3 Kf3 64. Rc1 e4 65. Ra1 g2 66. Kh2 Nf1+ 67. Kg1 Ng3 68. Ra3+ e3 69. Ra1 Ne2+ 70. Kh2 g1=Q+ 71. Rxg1 Nxg1 72. Kxg1 e2 73. Kh2 e1=Q 74. Kh3 Qh1# 0-1


[Site "https://www.chess.com"]

[Event "Titled Tuesday Blitz January 31 Late 2023"]
[White "Donskov, Anatoly"]
[Black "Ibarra Jerez, Jose Carlos"]
[WhiteFideId "24143413"]
[BlackFideId "2226332"]
[WhiteElo "2279"]
[BlackElo "2563"]
[Result "0-1"]
[Round "01"]
[TimeControl "180+2"]
[Date "2023.01.31"]
[WhiteClock "0:00:06"]
[BlackClock "0:02:02"]

1. e4 c5 2. Nf3 e6 3. d4 cxd4 4. Nxd4 Bc5 5. Nb3 Bb6 6. Be2 Ne7 7. O-O O-O 8. Kh1 f5 9. e5 f4 10. Bd3 Nbc6 11. Qh5 Ng6 12. Bxg6 hxg6 13. Qxg6 Nxe5 14. Qe4 Qf6 15. f3 d5 16. Qe2 Bd7 17. Nc3 Nc4 18. a4 a6 19. a5 Ba7 20. Na4 Ne3 21. Re1 Bb5 22. Qd2 Rac8 23. c3 e5 24. Nb6 Bxb6 25. axb6 Qxb6 26. Rxe3 fxe3 27. Qxd5+ Rf7 28. Qe4 e2 29. Be3 Qd6 30. Re1 Qd1 31. Bf2 Qxb3 0-1


[Site "https://www.chess.com"]

[Event "Titled Tuesday Blitz January 31 Late 2023"]
[White "Kaplan, Avi Harrison"]
[Black "Van Foreest, Lucas"]
[WhiteFideId "30934559"]
[BlackFideId "1039792"]
[WhiteElo "2146"]
[BlackElo "2556"]
[Result "0-1"]
[Round "01"]
[TimeControl "180+2"]
[Date "2023.01.31"]
[WhiteClock "0:00:05"]
[BlackClock "0:00:49"]

1. Nf3 g5 2. Nxg5 e5 3. d4 Be7 4. Nf3 e4 5. Nfd2 d5 6. e3 c6 7. c4 Nf6 8. Nc3 h5 9. Qb3 h4 10. h3 Rg8 11. a3 a6 12. Qa2 b5 13. cxd5 cxd5 14. Nb3 Nbd7 15. Bd2 Bb7 16. O-O-O Rc8 17. Kb1 Nb6 18. Be1 Nc4 19. Bxc4 bxc4 20. Nc5 Rb8 21. g4 hxg3 22. fxg3 Rh8 23. Rd2 Bc8 24. Rdh2 Nh7 25. h4 Nf6 26. h5 Bd7 27. h6 Bg4 28. h7 Bf3 29. Rf1 Ng4 30. Rh3 Bg2 31. Rfh1 Bxh3 32. Rxh3 Nxe3 33. a4 Bxc5 34. dxc5 Qf6 35. Rh1 Qf3 36. Rg1 Rxh7 37. a5 Rh1 38. Qa4+ Kf8 39. Qd7 Rxg1 40. Qd6+ Kg7 41. Qxb8 Rxe1+ 42. Ka2 Nc2 43. Qe5+ Qf6 44. Qxf6+ Kxf6 45. Nxd5+ Ke5 46. b3 Kxd5 47. bxc4+ Kxc5 48. g4 Nd4 49. g5 Nc6 50. g6 Rf1 51. Kb3 f5 52. g7 Nd4+ 53. Ka4 Re1 54. Ka3 Ra1+ 55. Kb2 Rg1 56. Kc3 Rg2 57. g8=N f4 58. Nf6 Rc2# 0-1


[Site "https://www.chess.com"]

[Event "Titled Tuesday Blitz January 31 Late 2023"]
[White "Kowalski, Igor"]
[Black "Estrada Nieto, Julian"]
[WhiteFideId "1172468"]
[BlackFideId "5101018"]
[WhiteElo "2380"]
[BlackElo "2215"]
[Result "1-0"]
[Round "01"]
[TimeControl "180+2"]
[Date "2023.01.31"]
[WhiteClock "0:00:10"]
[BlackClock "0:00:09"]

1. d4 d5 2. Nf3 Nf6 3. Bf4 c5 4. c3 Nc6 5. e3 Qb6 6. dxc5 Qxb2 7. Nbd2 Qxc3 8. Bb5 Bd7 9. O-O e6 10. Nb3 Be7 11. Rc1 Qb4 12. Bd3 O-O 13. Ne5 Rfd8 14. Bb1 Nxe5 15. Bxe5 Bb5 16. Re1 g6 17. Nd4 Nd7 18. Bc7 Rdc8 19. a3 Qa4 20. Bc2 Qxa3 21. Nxb5 Qxc5 22. Ba4 Qb4 23. Rb1 Qc5 24. Qd2 Nb6 25. Bxb6 Qxb6 26. Nd4 Qc7 27. Rec1 Qd8 28. Rxb7 Rxc1+ 29. Qxc1 Qa5 30. Rxe7 Qxa4 31. h4 a5 32. Qc7 Qb4 33. Rxf7 Qe1+ 34. Kh2 Qb4 35. Rg7+ Kh8 36. Rxh7+ 1-0


[Site "https://www.chess.com"]

[Event "Titled Tuesday Blitz January 31 Late 2023"]
[White "Llanos, Guillermo"]
[Black "Pakleza, Zbigniew"]
[WhiteFideId "100358"]
[BlackFideId "1119290"]
[WhiteElo "2290"]
[BlackElo "2494"]
[Result "0-1"]
[Round "01"]
[TimeControl "180+2"]
[Date "2023.01.31"]
[WhiteClock "0:00:02"]
[BlackClock "0:00:02"]

1. Nf3 d5 2. d4 Nf6 3. c4 c6 4. Nc3 Qb6 5. e3 Bf5 6. cxd5 cxd5 7. Bb5+ Nc6 8. O-O e6 9. Ne5 h6 10. Qa4 Rc8 11. Bd2 Bd6 12. Rac1 Bxe5 13. dxe5 Nd7 14. f4 O-O 15. Kh1 Nc5 16. Qd1 a6 17. Bxc6 Rxc6 18. b3 Rfc8 19. Ne2 Bg4 20. h3 Bxe2 21. Qxe2 Ne4 22. Kh2 Qb5 23. Qxb5 axb5 24. Rxc6 bxc6 25. Ba5 c5 26. Rc1 Ra8 27. Bb6 c4 28. bxc4 dxc4 29. Rc2 f5 30. Bd4 c3 31. g4 g6 32. Kg2 b4 33. Kf3 Kf7 34. Ke2 Ke8 35. Kd3 Rc8 36. gxf5 gxf5 37. Rg2 Kd7 38. Kc2 Kc6 39. Rg6 Kd5 40. Rg7 Ra8 41. Rd7+ Kc6 42. Ra7 Rxa7 43. Bxa7 Kb5 44. Bb8 Kc4 45. Bd6 Nf2 46. h4 Ng4 0-1


[Site "https://www.chess.com"]

[Event "Titled Tuesday Blitz January 31 Late 2023"]
[White "Davidson, Kevin"]
[Black "Boruchovsky, Avital"]
[WhiteFideId "2056810"]
[BlackFideId "2800055"]
[WhiteElo "2154"]
[BlackElo "2539"]
[Result "0-1"]
[Round "01"]
[TimeControl "180+2"]
[Date "2023.01.31"]
[WhiteClock "0:00:02"]
[BlackClock "0:00:14"]

1. e4 e5 2. Nf3 d6 3. d4 exd4 4. Nxd4 Nf6 5. Nc3 Be7 6. Be2 O-O 7. O-O c6 8. f4 Re8 9. Bf3 Bf8 10. Re1 Nbd7 11. Be3 Nc5 12. Bf2 a5 13. g4 g6 14. g5 Nfd7 15. h4 Bg7 16. h5 Nf8 17. Kg2 Nfe6 18. Nxe6 Nxe6 19. Qd2 Qc7 20. Rad1 d5 21. e5 b5 22. Rh1 b4 23. Ne2 Ba6 24. Nd4 Nxd4 25. Qxd4 Bb7 26. hxg6 fxg6 27. Rh4 Re7 28. Rdh1 Bf8 29. Qd3 Rd8 30. Bc5 Rg7 31. Qd4 Be7 32. Bb6 Qd7 33. Bg4 Qe8 34. Be6+ Kh8 35. Bxd8 c5 36. Qg1 d4+ 37. Kf1 Bxd8 38. Bg4 Bxh1 39. Qxh1 Qf7 40. Qa8 Qxf4+ 41. Ke1 Qxe5+ 42. Kd1 Qxg5 0-1


[Site "https://www.chess.com"]

[Event "Titled Tuesday Blitz January 31 Late 2023"]
[White "Bernadskiy, Vitaliy"]
[Black "Baches Garcia, Guillermo"]
[WhiteFideId "14100371"]
[BlackFideId "2209764"]
[WhiteElo "2592"]
[BlackElo "2327"]
[Result "1-0"]
[Round "01"]
[TimeControl "180+2"]
[Date "2023.01.31"]
[WhiteClock "0:01:11"]
[BlackClock "0:00:21"]

1. e4 c5 2. Nf3 d6 3. d4 cxd4 4. Nxd4 Nf6 5. Nc3 Nc6 6. Bc4 Bd7 7. Bb3 g6 8. f3 Nxd4 9. Qxd4 Bg7 10. Bg5 O-O 11. Qd2 b5 12. Bh6 a5 13. a4 b4 14. Ne2 Qb6 15. O-O-O Be6 16. Bxg7 Kxg7 17. Bxe6 fxe6 18. Nd4 Kf7 19. Qe3 Nd7 20. Qh6 Rh8 21. Qf4+ Nf6 22. e5 dxe5 23. Qxe5 Rad8 24. Rhe1 Rd5 25. Qxe6+ Qxe6 26. Nxe6 Rxd1+ 27. Kxd1 Rc8 28. Ng5+ Kf8 29. Re5 Rd8+ 30. Kc1 Rd5 31. Nxh7+ Kg7 32. Rxe7+ Kh6 33. Nxf6 1-0


[Site "https://www.chess.com"]

[Event "Titled Tuesday Blitz January 31 Late 2023"]
[White "Galchenko, Matvey"]
[Black "Cruz, William Ferreira Da"]
[WhiteFideId "24175480"]
[BlackFideId "2118050"]
[WhiteElo "2438"]
[BlackElo "2216"]
[Result "1-0"]
[Round "01"]
[TimeControl "180+2"]
[Date "2023.01.31"]
[WhiteClock "0:01:46"]
[BlackClock "0:00:01"]

1. f4 d5 2. Nf3 Nf6 3. g3 g6 4. Bg2 Bg7 5. O-O O-O 6. d3 b6 7. Nc3 Bb7 8. e4 dxe4 9. Ng5 Nbd7 10. dxe4 h6 11. Nh3 Nc5 12. Qe1 e5 13. f5 a5 14. Bd2 Qe7 15. Rd1 Rad8 16. Kh1 Rd7 17. fxg6 fxg6 18. Nf2 Rfd8 19. a3 a4 20. h3 Kh7 21. Kh2 Ba6 22. Rg1 Rd6 23. Be3 Rxd1 24. Nfxd1 Bb7 25. Nf2 Bc6 26. Qe2 Nfd7 27. Rd1 Rf8 28. Qc4 Qf7 29. Qxf7 Rxf7 30. Kg1 Bf8 31. Nd5 Bd6 32. h4 Bb7 33. h5 gxh5 34. Bh3 Nf8 35. Bf5+ 1-0


[Site "https://www.chess.com"]

[Event "Titled Tuesday Blitz January 31 Late 2023"]
[White "Aguilar, Juan"]
[Black "Bacrot, Etienne"]
[WhiteFideId "3800091"]
[BlackFideId "605506"]
[WhiteElo "2254"]
[BlackElo "2667"]
[Result "0-1"]
[Round "01"]
[TimeControl "180+2"]
[Date "2023.01.31"]
[WhiteClock "0:01:01"]
[BlackClock "0:02:50"]

1. Nf3 c5 2. g3 Nc6 3. Bg2 e5 4. d3 g6 5. O-O Bg7 6. c4 Nge7 7. Nc3 O-O 8. h4 d6 9. h5 gxh5 10. Ne1 Ng6 11. Ne4 h4 12. Bg5 f6 13. Bd2 f5 14. Ng5 hxg3 15. fxg3 Qe8 16. Nc2 h6 17. Nf3 Be6 18. Ne3 Nd4 19. Nxd4 cxd4 20. Nd5 Qd7 21. Qb3 Kh7 22. a4 Rf7 23. a5 Rg8 24. Qa4 Qc8 25. a6 f4 26. axb7 Rxb7 27. gxf4 exf4 28. Nxf4 Nxf4 29. Bxf4 Be5 30. Bxe5 dxe5 31. Rf2 Bh3 32. Raf1 Rbg7 0-1


[Site "https://www.chess.com"]

[Event "Titled Tuesday Blitz January 31 Late 2023"]
[White "Srbis, Jurica"]
[Black "Bouget, Alexandre"]
[WhiteFideId "14515555"]
[BlackFideId "681318"]
[WhiteElo "2433"]
[BlackElo "2267"]
[Result "1-0"]
[Round "01"]
[TimeControl "180+2"]
[Date "2023.01.31"]
[WhiteClock "0:00:59"]
[BlackClock "0:00:57"]

1. e4 e5 2. Nf3 Nc6 3. Nc3 Nf6 4. d4 exd4 5. Nxd4 Bb4 6. Nxc6 bxc6 7. Bd3 d5 8. exd5 O-O 9. O-O Bg4 10. f3 Bh5 11. dxc6 Qd4+ 12. Kh1 Bxc3 13. bxc3 Qxc3 14. Rb1 Qxc6 15. Ba3 Rfd8 16. Be7 Rd7 17. Bxf6 gxf6 18. Qe1 Bg6 19. Bb5 Qd6 20. Bxd7 Qxd7 21. Qc3 Kg7 22. a3 Re8 23. Rfe1 Rd8 24. Qc5 h5 25. Qxa7 h4 26. h3 Qd2 27. Qxc7 Rd7 28. Qc4 Bxc2 29. Rbc1 Bg6 30. Qxh4 Rd4 31. Qg3 Qa2 32. f4 Rd3 33. Re3 Qxa3 34. Rxd3 Qxc1+ 35. Kh2 Qc8 36. Rf3 Qf5 37. Qg4 1-0


[Site "https://www.chess.com"]

[Event "Titled Tuesday Blitz January 31 Late 2023"]
[White "Buchenau, Frank"]
[Black "Holt, Conrad"]
[WhiteFideId "4604350"]
[BlackFideId "2034387"]
[WhiteElo "2222"]
[BlackElo "2540"]
[Result "0-1"]
[Round "01"]
[TimeControl "180+2"]
[Date "2023.01.31"]
[WhiteClock "0:00:40"]
[BlackClock "0:01:46"]

1. e4 e6 2. Nf3 d5 3. Nc3 Nf6 4. e5 Nfd7 5. d4 c5 6. dxc5 Bxc5 7. Bd3 Nc6 8. Bf4 f6 9. exf6 Nxf6 10. O-O O-O 11. Ne5 Qe8 12. Nb5 Nh5 13. Nxc6 Nxf4 14. Ne5 Qe7 15. c3 Qg5 16. Ng4 Nxd3 17. Qxd3 Qxg4 18. Nc7 Rb8 19. Nxd5 exd5 20. Qxd5+ Be6 21. Qxc5 b6 22. Qe7 Bd5 23. f3 Rxf3 0-1


[Site "https://www.chess.com"]

[Event "Titled Tuesday Blitz January 31 Late 2023"]
[White "Wartiovaara, Oliver"]
[Black "Yuan, Qingyu"]
[WhiteFideId "513024"]
[BlackFideId "8609772"]
[WhiteElo "2264"]
[BlackElo "2373"]
[Result "0-1"]
[Round "01"]
[TimeControl "180+2"]
[Date "2023.01.31"]
[WhiteClock "0:00:03"]
[BlackClock "0:00:04"]

1. d4 d5 2. c4 e6 3. Nf3 Nf6 4. g3 Bb4+ 5. Bd2 Be7 6. Bg2 O-O 7. O-O Nbd7 8. Qc2 c6 9. Rd1 b6 10. Bf4 Bb7 11. Ne5 Nxe5 12. dxe5 Nd7 13. cxd5 exd5 14. e4 d4 15. Rxd4 Bc5 16. Rd1 Qe7 17. Nd2 g5 18. e6 fxe6 19. Be3 Bxe3 20. fxe3 Ne5 21. Nc4 Qc5 22. Rac1 Rad8 23. Rxd8 Rxd8 24. Nxe5 Qxe5 25. Rf1 Ba6 26. Rf2 Qd6 27. Bf1 Bxf1 28. Rxf1 c5 29. Qc4 Rf8 30. Rxf8+ Kxf8 31. Qa6 Qd7 32. e5 Kg7 33. Qf1 Qf7 34. Qa6 Qc7 35. Kf2 c4 36. h4 Kg6 37. Qa4 Kf5 38. hxg5 Qxe5 39. Qe8 Qxb2+ 40. Kf3 Qg7 41. g4+ Kxg5 42. Qxe6 Qf6+ 43. Qxf6+ Kxf6 44. Ke4 b5 45. Kd4 a6 0-1


[Site "https://www.chess.com"]

[Event "Titled Tuesday Blitz January 31 Late 2023"]
[White "Boros, Denes"]
[Black "SilverCityIndigo"]
[WhiteFideId "722340"]
[WhiteElo "2406"]
[BlackElo "2443"]
[Result "1-0"]
[Round "01"]
[TimeControl "180+2"]
[Date "2023.01.31"]
[WhiteClock "0:01:21"]
[BlackClock "0:00:25"]

1. e4 c5 2. b3 Nf6 3. Nc3 d5 4. exd5 Nxd5 5. Bc4 Nxc3 6. Qf3 e6 7. dxc3 Be7 8. Bf4 O-O 9. Ne2 Nc6 10. O-O e5 11. Be3 Qc7 12. Ng3 Be6 13. Bxe6 fxe6 14. Qg4 Rf6 15. Ne4 Rg6 16. Qh3 b6 17. Rad1 Rf8 18. Rd3 c4 19. Rd2 Qb7 20. f3 Qa6 21. a4 cxb3 22. cxb3 Na5 23. Rb1 Qb7 24. Kh1 Qc6 25. Rd3 Nxb3 26. Rbd1 Qxa4 27. Qh5 Nc5 28. Bxc5 Bxc5 29. Qxe5 Qa2 30. R3d2 Qc4 31. Qc7 h5 32. Rd8 h4 33. Rxf8+ Bxf8 34. Qxc4 1-0


[Site "https://www.chess.com"]

[Event "Titled Tuesday Blitz January 31 Late 2023"]
[White "Danielyan, Vahe"]
[Black "Paichadze, Luka"]
[WhiteFideId "13304828"]
[BlackFideId "13602934"]
[WhiteElo "2346"]
[BlackElo "2515"]
[Result "0-1"]
[Round "01"]
[TimeControl "180+2"]
[Date "2023.01.31"]
[WhiteClock "0:00:02"]
[BlackClock "0:00:06"]

1. e4 c6 2. d4 d5 3. exd5 cxd5 4. Bd3 Nc6 5. c3 Nf6 6. Bf4 g6 7. h3 Bf5 8. Be2 Bg7 9. Nf3 O-O 10. O-O Re8 11. Nbd2 a6 12. Re1 h6 13. Nb3 g5 14. Bh2 Nd7 15. Qd2 e6 16. Rad1 Na5 17. Nxa5 Qxa5 18. a3 Be4 19. Qe3 Qb6 20. b4 f5 21. Nd2 f4 22. Bxf4 gxf4 23. Qxf4 Rf8 24. Qg3 Bf5 25. Bg4 Rae8 26. Nf3 Bxg4 27. hxg4 Nf6 28. Ne5 Ne4 29. Rxe4 dxe4 30. Nd7 Qc6 31. Nxf8 Rxf8 32. Re1 Rc8 33. Re3 Qd5 34. Qf4 Rf8 35. Qxe4 Qxe4 36. Rxe4 Kf7 37. Kf1 Rc8 38. Re3 b5 39. Ke2 Rd8 40. f4 Rd5 41. Rh3 Kg6 42. Kd3 Bf8 43. Re3 Kf7 44. Re1 Bd6 45. g3 h5 46. g5 Bf8 47. Rh1 Kg6 48. a4 Bg7 49. axb5 axb5 50. Ra1 Rd7 51. Ra6 Kf5 52. Rb6 Re7 53. Rxb5+ Kg4 54. Ke4 Kxg3 55. g6 h4 56. Rg5+ Kh2 57. b5 Rc7 58. Rc5 Rb7 59. f5 exf5+ 60. Kxf5 h3 61. Ke4 Kh1 62. c4 Re7+ 63. Kd3 Bf6 64. Rh5 Kg2 65. c5 h2 66. d5 Re5 67. Rxh2+ Kxh2 68. Kc4 Re4+ 69. Kb3 Bd4 0-1


[Site "https://www.chess.com"]

[Event "Titled Tuesday Blitz January 31 Late 2023"]
[White "Kilic, Eray"]
[Black "Suarez Uriel, Adrian"]
[WhiteFideId "44517173"]
[BlackFideId "22230874"]
[WhiteElo "2414"]
[BlackElo "2356"]
[Result "1-0"]
[Round "01"]
[TimeControl "180+2"]
[Date "2023.01.31"]
[WhiteClock "0:00:39"]
[BlackClock "0:00:24"]

1. e4 c5 2. Nf3 d6 3. Bb5+ Nd7 4. a4 Nf6 5. Nc3 g6 6. O-O Bg7 7. d4 cxd4 8. Nxd4 a6 9. Be2 O-O 10. Re1 Nc5 11. Bf3 Bd7 12. Ra3 Rc8 13. a5 Ne6 14. Be3 Nxd4 15. Bxd4 Be6 16. Bb6 Qd7 17. Nd5 Nxd5 18. exd5 Bf5 19. c3 h5 20. Ra4 Bf6 21. h3 Rfe8 22. Rb4 h4 23. Qd2 Kg7 24. Bd4 Rc7 25. Bxf6+ exf6 26. Rxe8 Qxe8 27. Rxh4 g5 28. Rb4 Qe5 29. h4 Bg6 30. g3 Rc5 31. Rxb7 gxh4 32. gxh4 Rxa5 33. Rb4 Ra1+ 34. Kg2 Bh5 35. Rf4 Bxf3+ 36. Rxf3 Qe4 37. Qf4 Qxf4 38. Rxf4 Rb1 39. Rb4 Rd1 40. c4 Kg6 41. Rb6 Rc1 42. b3 Rc3 43. Rxd6 Rxb3 44. Rxa6 Kf5 45. h5 1-0


[Site "https://www.chess.com"]